 Dungeon Crawl Stone Soup version 0.20-a0-537-g052e6ba (webtiles) character file.

826 Duffy the Conjurer (level 7, -5/55 HPs)
             Began as a Naga Fire Elementalist on Jan 28, 2017.
             Killed from afar by a sky beast (23 damage)
             ... with an exploding inner flame
             ... hexed by the player character
             ... on level 6 of the Dungeon.
             The game lasted 00:07:30 (4799 turns).

Duffy the Conjurer (Naga Fire Elementalist)         Turns: 4799, Time: 00:07:30

Health: -5/55      AC:  5    Str: 10    XL:     7   Next: 96%
Magic:  4/12       EV: 10    Int: 18    God:
Gold:   300        SH:  0    Dex: 11    Spells: 5/13 levels left

rFire    . . .     SeeInvis +   p - +9 hand crossbow of the Illusory Cities {elec, rN+}
rCold    . . .     Gourm    .   s - +0 robe
rNeg     + . .     Faith    .   (no shield)
rPois    +         Spirit   .   l - +0 helmet
rElec    .         Reflect  .   (no cloak)
rCorr    .         Harm     .   h - +0 pair of gloves
MR       .....                  (no barding)
Stlth    ++........             (no amulet)
Regen    0.2/turn               (no ring)
                                (no ring)

@: very slow
A: see invisible, deformed body, poison resistance, slowness 2, slow metabolism
1, spit poison 1, AC +2
a: Spit Poison


You were on level 6 of the Dungeon.
You were not hungry.

You visited 1 branch of the dungeon, and saw 5 of its levels.

You collected 300 gold pieces.

Inventory:

Hand Weapons
 p - the +9 hand crossbow of the Illusory Cities (weapon) {elec, rN+}
   (You found it on level 4 of the Dungeon)

   It charges the ammunition it shoots with electricity; occasionally upon a
   hit, such missiles may discharge and cause terrible harm.
   It protects you from negative energy.
Armour
 h - a +0 pair of gloves (worn)
 l - a +0 helmet (worn)
 s - a +0 robe (worn)
Scrolls
 e - a scroll of magic mapping {unknown}
 i - a scroll of random uselessness {unknown}
 j - a scroll of enchant armour {unknown}
 k - 3 scrolls of identify
 n - a scroll of remove curse
 o - a scroll of fog
Potions
 f - 2 potions of agility
 g - a potion of cure mutation
 r - a potion of haste
Books
 b - a book of Flames

   Spells                             Type                      Level
   a - Flame Tongue                   Conjuration/Fire             1
   b - Throw Flame                    Conjuration/Fire             2
   c - Conjure Flame                  Conjuration/Fire             3
   d - Inner Flame                    Hexes/Fire                   3
   e - Sticky Flame                   Conjuration/Fire             4
   f - Fireball                       Conjuration/Fire             5
Comestibles
 a - 2 chunks of flesh
 c - 5 bread rations
 m - a royal jelly


   Skills:
 - Level 1.5 Dodging
 - Level 3.0 Stealth
 + Level 3.9 Spellcasting
 * Level 6.0 Conjurations
 * Level 5.7 Fire Magic


You had 5 spell levels left.
You knew the following spells:

 Your Spells              Type           Power        Failure   Level  Hunger
a - Flame Tongue          Conj/Fire      ###..        1%          1    None
j - Sticky Flame          Conj/Fire      ###.....     17%         4    ####...
l - Conjure Flame         Conj/Fire      ###.....     4%          3    ###....


Dungeon Overview and Level Annotations

Branches:
Dungeon (4/15)
 Temple: D:4-7

Altars:
Dithmenos
Fedhas

Annotations:
D:2 exclusions: 2 gnolls and hobgoblin, Natasha


Innate Abilities, Weirdness & Mutations

You cannot wear boots.
Your serpentine skin is tough. (AC +2)
You have supernaturally acute eyesight. (SInv)
Armour fits poorly on your strangely shaped body.
Your system is resistant to poisons. (rPois)
You cover ground very slowly.
You have a slow metabolism.
You can spit poison.


Message History

Casting: Flame Tongue
Confirm with . or Enter, or press ? or * to list all spells.
Aiming: Flame Tongue
Press: ? - help, Shift-Dir - straight line, f/p - sky beast
Aim: a sky beast (blue smoke, almost dead, slightly transparent, inner flame)
The flame tongue hits the sky beast.
The sky beast is almost dead.
The jackal bites you but does no damage.
The sky beast hits you. The sky beast shocks you. The jackal bites you.
Casting: Flame Tongue
Confirm with . or Enter, or press ? or * to list all spells.
Aiming: Flame Tongue
Press: ? - help, Shift-Dir - straight line, f/p - sky beast
Aim: a sky beast (blue smoke, almost dead, slightly transparent, inner flame)
The flame tongue hits the sky beast.
The sky beast explodes!
The fiery explosion engulfs the phantom.
The phantom is heavily damaged.
The fiery explosion engulfs you!
You die...

#.......(#####
......##.#.#
########[#.#
#..#.#
#.##.##########
#.##oo...h0....
#.##W##.#######
#.##0##.#
#.##@##.#
#.##0has#
#.#######


You could see a phantom (inner flame), a worker ant (inner flame) and a jackal
(inner flame).

Vanquished Creatures
  Sigmund (D:2)
  An ogre (D:6)
  A scorpion (D:4)
  A howler monkey (D:3)
  A bullfrog zombie (D:6)
  A crimson imp (D:6)
  3 hounds (D:6)
  2 orc priests (D:4)
  An orc wizard (D:6)
  2 worker ants
  Robin (D:2)
  6 adders
  An ooze (D:2)
  3 worms
  2 dart slugs
  2 leopard geckos (D:3)
  6 orcs
  8 giant cockroaches
  18 goblins
  12 hobgoblins
  8 jackals
  7 kobolds
  3 quokkas
  7 bats
  12 frilled lizards
  A jackal skeleton (D:4)
  A quokka skeleton (D:6)
  5 rats
117 creatures vanquished.

Notes
Turn   | Place    | Note
-------+----------+-------------------------------------------
     0 | D:1      | Duffy the Naga Fire Elementalist began the quest for the Orb.
     0 | D:1      | Reached XP level 1. HP: 15/15 MP: 3/3
   176 | D:1      | Reached XP level 2. HP: 22/22 MP: 0/5
   373 | D:1      | Reached skill level 2 in Conjurations
   864 | D:1      | Reached XP level 3. HP: 24/28 MP: 0/6
   869 | D:2      | Found a shadowy altar of Dithmenos.
  1075 | D:1      | Learned a level 3 spell: Conjure Flame
  1331 | D:1      | Reached skill level 3 in Conjurations
  1331 | D:1      | Reached XP level 4. HP: 35/36 MP: 2/7
  1396 | D:1      | Learned a level 4 spell: Sticky Flame
  1411 | D:2      | Noticed Natasha
  1687 | D:2      | Found a blossoming altar of Fedhas.
  2114 | D:2      | Noticed Robin
  2138 | D:2      | Killed Robin
  2299 | D:2      | Reached XP level 5. HP: 42/42 MP: 7/9
  2431 | D:2      | Noticed Sigmund
  2453 | D:2      | Killed Sigmund
  2453 | D:2      | Reached skill level 4 in Conjurations
  2453 | D:2      | Reached XP level 6. HP: 36/49 MP: 7/10
  4124 | D:4      | Got a polished hand crossbow
  4159 | D:4      | Reached skill level 5 in Conjurations
  4159 | D:4      | Reached XP level 7. HP: 49/55 MP: 6/12
  4274 | D:4      | Identified the +9 hand crossbow of the Illusory Cities {elec, rN+} (You found it on level 4 of the Dungeon)
  4678 | D:4      | You fall through a shaft for 2 floors!
  4693 | D:6      | Reached skill level 5 in Fire Magic
  4791 | D:6      | Reached skill level 6 in Conjurations
  4799 | D:6      | Killed from afar by a sky beast

Vault maps used:
D:1:      mrwooster_arrival_statue, serial_bayou, serial_bayou_pond_d,
          serial_bayou_shore_b, serial_bayou_shore_b, serial_bayou_pond_d
D:2:      grunt_dithmenos_smoke_and_mirrors, fedhas_altar_1, uniq_natasha,
          uniq_sigmund, uniq_robin
D:3:      first_bread, serial_bayou_pond_e
D:6:      temple_hall, makhleb_heckhound_becter

Skill      XL: |  1  2  3  4  5  6  7 |
---------------+----------------------+-----
Conjurations   | 2 3 4 5 6 |  6.0
Spellcasting   | 3 |  3.9
Fire Magic     | 4 5 |  5.7
Dodging        | |  1.5
Stealth        | |  3.0

Action                   |  1- 3 |  4- 6 |  7- 9 || total
-------------------------+-------+-------+-------++-------
Melee: Unarmed           |       |     1 |       ||     1
 Fire: Hand crossbow     |       |       |    29 ||    29
 Cast: Flame Tongue      |    48 |    96 |    20 ||   164
       Conjure Flame     |       |       |     1 ||     1
       Sticky Flame      |       |       |     1 ||     1
 Abil: Spit Poison       |    19 |    21 |     6 ||    46
  Use: Scroll            |       |     3 |     3 ||     6
       Potion            |       |       |     1 ||     1
  Eat: Chunk             |     2 |     8 |     3 ||    13
Armor: Robe              |    20 |    13 |    22 ||    55
Dodge: Dodged            |    37 |    31 |    31 ||    99
